 Dungeon Crawl Stone Soup version 0.29-a0-492-g10b964d8d7 (webtiles) character file.

Game seed: 3800090628625080391

3514 Bruhh the Martial Artist (level 9, 0/82 HPs)
             Began as a Demigod Transmuter on May 27, 2022.
             Succumbed to a kobold brigand's poison
             ... in a bailey.
             The game lasted 00:13:24 (12107 turns).

Bruhh the Martial Artist (Demigod Transmuter)      Turns: 12107, Time: 00:13:25

Health: 0/82       AC:  5    Str: 18    XL:     9   Next: 52%
Magic:  17/18      EV: 12    Int: 27    God:
Gold:   701        SH:  0    Dex: 20    Spells: 12/16 levels left

rFire   + + .      SeeInvis .     - Unarmed
rCold   + + .      Faith    .   (no shield)
rNeg    . . .      Spirit   .   v - +2 robe {rF+}
rPois   +          Reflect  .   (no helmet)
rElec   +          Harm     .   n - +0 cloak "Peontudd" {rElec rPois rC++ Str+4}
rCorr   .          Rampage  .   (no gloves)
Will    +....                   (no boots)
Stlth   ++........              (no amulet)
HPRegen 0.23/turn               p - +6 ring of dexterity
MPRegen 0.16/turn               s - ring "Xoitit" {rF+ Will+ Str+3}

@: mighty, lethally poisoned (0 -> -5), about to teleport, flying
A: high MP 1, forlorn, divine attributes
a: no special abilities


You were in a bailey.
You visited 1 branch of the dungeon, and saw 7 of its levels.
You also visited: Bailey.

You collected 701 gold pieces.

Inventory:

Armour
 a - a +0 robe
 n - the +0 cloak "Peontudd" (worn) {rElec rPois rC++ Str+4}
   (You found it on level 3 of the Dungeon)

   Str:       It affects your strength (+4).
   rC:        It greatly protects you from cold.
   rElec:     It insulates you from electricity.
   rPois:     It protects you from poison.
 v - a +2 robe of fire resistance (worn)
Jewellery
 p - a +6 ring of dexterity (left hand)
 s - the ring "Xoitit" (right hand) {rF+ Will+ Str+3}
   (You acquired it on level 7 of the Dungeon)

   [ring of protection from fire]

   Str:       It affects your strength (+3).
   rF:        It protects you from fire.
   Will:      It increases your willpower.
Wands
 u - a wand of digging (6)
Scrolls
 b - a scroll of silence
 d - a scroll of fog
 e - a scroll of enchant armour
 f - a scroll of noise
 h - 3 scrolls of teleportation
 j - 2 scrolls of blinking
 l - 4 scrolls of fear
Potions
 g - a potion of flight


   Skills:
 + Level 8.5 Fighting
 - Level 1.7 Dodging
 + Level 9.0 Unarmed Combat
 - Level 4.0 Spellcasting
 - Level 3.0 Transmutations


You had 12 spell levels left.
You knew the following spells:

 Your Spells              Type           Power      Damage    Failure   Level
a - Beastly Appendage     Tmut           42%        N/A       2%          1
b - Spider Form           Tmut/Pois      13%        N/A       13%         3

Your spell library contained the following spells:

 Spells                   Type           Power      Damage    Failure   Level
 Wereblood                Tmut           21%        N/A       3%          2
 Passwall                 Tmut/Erth      10%        N/A       6%          2
 Apportation              Tloc           10%        N/A       8%          1
 Sandblast                Erth           10%        2d5       8%          1
 Ensorcelled Hibernation  Hex/Ice        10%        N/A       12%         2
 Stone Arrow              Conj/Erth      10%        3d7       24%         3
 Ice Form                 Ice/Tmut       13%        N/A       38%         4
 Anguish                  Hex/Necr       2%         N/A       61%         4
 Alistair's Intoxication  Tmut/Pois      8%         N/A       75%         5


Dungeon Overview and Level Annotations

Branches:
Dungeon (7/15)             Temple (0/1) D:4          Bailey (1/1)

Shops:
D:1 (


Innate Abilities, Weirdness & Mutations

You have an increased reservoir of magic. (+10% MP)
You shall have no god before yourself.
Your divine heritage dramatically boosts your attributes as you level up.


Message History

* * * LOW HITPOINT WARNING * * *
You bite the kobold brigand!
The kobold brigand is poisoned.
The kobold brigand is moderately wounded.
* * * LOW HITPOINT WARNING * * *
You feel very sick.
Unknown command.
Unknown command.
You hit the kobold brigand but do no damage.
The kobold brigand looks as sick as possible!
The kobold brigand is moderately wounded.
* * * LOW HITPOINT WARNING * * *
You feel very sick. The kobold brigand misses you.
Unknown command.
Okay, then.
Okay, then.
You maul the kobold brigand!!
You kill the kobold brigand!
* * * LOW HITPOINT WARNING * * *
You feel sick.
Your Unarmed Combat skill increases to level 9!
Unknown command.
Okay, then.
Okay, then.
Your transformation has ended.
The +0 cloak "Peontudd" {rElec rPois rC++ Str+4} unmelds from your body.
Your +2 robe of fire resistance unmelds from your body.
You feel resistant to fire.
* * * LOW HITPOINT WARNING * * *
You feel very sick.
You feel very buoyant.
You fly up into the air.
* * * LOW HITPOINT WARNING * * *
You feel sick.
Unknown command.
As you read the scroll of teleportation, it crumbles to dust.
You feel strangely unstable.
* * * LOW HITPOINT WARNING * * *
You feel sick.
You die...

####'''####
##≈..)....≈##
#####≈≈.......≈≈#
#....≈≈.......≈≈.
#.###≈≈.......≈≈#
#....≈≈.......≈≈.
#.###≈≈.......≈≈##
#....≈≈.......≈≈..
#.###≈≈.@.....≈≈###
#.)..≈≈.......≈≈..
#.###≈≈.......≈≈###
#....≈≈.......≈≈...
#####≈≈...)...≈≈#
##≈.......≈##
####)((#### #.).#
#.(.#


There were no monsters in sight!

Vanquished Creatures
  2 orc knights (Bailey)
  Grinder (D:6)
  Menkaure (D:6)
  A water moccasin (D:6)
  2 orc warriors (Bailey)
  A black bear (D:5)
  A sky beast (D:5)
  A phantom (D:7)
  A centaur (D:6)
  7 kobold brigands (Bailey)
  A bullfrog (D:5)
  3 necrophages
  A water moccasin zombie (D:5)
  3 scorpions (D:5)
  3 wights
  2 hounds
  A bullfrog zombie (D:5)
  3 iguanas
  5 orc wizards
  Robin (D:4)
  3 gnolls (D:5)
  9 adders
  A white imp (D:5)
  2 worms
  4 dart slugs
  11 orcs
  11 bats
  4 endoplasms
  5 giant cockroaches
  11 goblins
  11 hobgoblins
  5 quokkas
  10 ball pythons
  14 kobolds
  9 rats
  A spectral hobgoblin (D:3)
152 creatures vanquished.

Vanquished Creatures (others)
  A gnoll (D:6)
1 creature vanquished.

Grand Total: 153 creatures vanquished

Notes
Turn   | Place    | Note
-------+----------+-------------------------------------------
     0 | D:1      | Bruhh the Demigod Transmuter began the quest for the Orb.
     0 | D:1      | Reached XP level 1. HP: 15/15 MP: 5/5
   111 | D:1      | Reached skill level 1 in Fighting
   555 | D:1      | Reached XP level 2. HP: 14/23 MP: 5/7
  1042 | D:1      | Found Xazeq's Weapon Shoppe.
  1370 | D:2      | Reached skill level 3 in Unarmed Combat
  1621 | D:2      | Reached XP level 3. HP: 26/28 MP: 6/8
  2731 | D:3      | Learned a level 3 spell: Spider Form
  2732 | D:3      | Identified the +0 cloak "Peontudd" {rElec rPois rC++ Str+4}
  3213 | D:3      | Reached XP level 4. HP: 36/36 MP: 8/10
  3861 | D:4      | Found a staircase to the Ecumenical Temple.
  4016 | D:4      | Noticed a necrophage
  4039 | D:4      | Killed a necrophage
  4040 | D:4      | Reached XP level 5. HP: 38/42 MP: 9/12
  4095 | D:4      | Noticed Robin
  4125 | D:4      | Killed Robin
  4723 | D:5      | Entered Level 5 of the Dungeon
  5020 | D:5      | Reached skill level 4 in Unarmed Combat
  5472 | D:5      | Reached XP level 6. HP: 51/51 MP: 11/13
  6329 | D:5      | Reached XP level 7. HP: 49/58 MP: 11/16
  6591 | D:5      | Reached skill level 5 in Unarmed Combat
  6932 | D:6      | Noticed Menkaure
  9041 | D:6      | Reached skill level 5 in Fighting
  9364 | D:5      | Reached skill level 6 in Unarmed Combat
  9387 | D:6      | Killed Menkaure
  9388 | D:6      | Reached XP level 8. HP: 48/69 MP: 17/17
 10417 | D:6      | Noticed Grinder
 10585 | D:6      | Killed Grinder
 10586 | D:6      | Reached skill level 7 in Unarmed Combat
 11124 | D:7      | Identified a scroll of acquirement
 11124 | D:7      | Acquired the ring "Xoitit" {rF+ Will+ Str+3}
 11183 | D:7      | Found a flagged portal.
 11208 | Bailey   | Entered a bailey
 11272 | Bailey   | Identified the +8 war axe "Ciuvorik" {drain, Str+2}
 11277 | Bailey   | Noticed an orc knight
 11311 | Bailey   | HP: 4/109 [orc knight/+0 war axe (6)]
 11314 | Bailey   | Killed an orc knight
 11315 | Bailey   | Reached skill level 8 in Unarmed Combat
 11315 | Bailey   | Reached XP level 9. HP: 5/79 MP: 18/18
 11317 | Bailey   | HP: 5/118 [kobold (1)]
 11886 | Bailey   | Noticed an orc knight
 12053 | Bailey   | Killed an orc knight
 12104 | Bailey   | Reached skill level 9 in Unarmed Combat
 12104 | Bailey   | HP: 4/82 [poisoned by a kobold brigand]
 12106 | Bailey   | HP: 1/82 [poisoned by a kobold brigand]
 12107 | Bailey   | Succumbed to a kobold brigand's poison

Illustrated notes

Levels and vault maps discovered:
D:1:      wander_arrival_desolate, layout_loops_ring, serial_shops,
          nicolae_shop_hallway_plus, minmay_hexomino_c4
D:2:      layout_basic
D:3:      layout_rooms, dreamdust_ecumenical_altar_drowned_temple,
          hangedman_feature_mirror, grunt_ministairs_10
D:4:      layout_loops_ring, lemuel_coloured_pillars_altar,
          pdpol_wu_jian_five_deadly_venoms, temple_pool_b, uniq_robin
D:5:      layout_loops_corners, kennysheep_mini_moat,
          lemuel_zombie_altar_yredelemnul
D:6:      layout_rooms, nicolae_uskayaw_suspiria, lemuel_doored_altar,
          mainiacjoe_overflow_alcove_4, uniq_grinder, uniq_menkaure
D:7:      minmay_general_purpose_star, layout_loops_corners, enter_bailey_2,
          nrook_mini_vaults, uniq_pikel
Bailey:   bailey_axe_3, bailey

Skill      XL: |  1  2  3  4  5  6  7  8  9 |
---------------+----------------------------+-----
Fighting       | 1 2 3 5 7 8 |  8.5
Transmutations | 2 3 |  3.0
Spellcasting   | 2 3 4 |  4.0
Unarmed Combat | 3 4 6 8 9 |  9.0
Dodging        | |  1.7

Action                   |  1- 3 |  4- 6 |  7- 9 || total
-------------------------+-------+-------+-------++-------
Melee: Unarmed           |   132 |   170 |   207 ||   509
       Kick              |    36 |    30 |     7 ||    73
       Headbutt          |    17 |    14 |     2 ||    33
       Punch             |     3 |     3 |       ||     6
       Trident           |       |       |     5 ||     5
 Cast: Beastly Appendage |    38 |    24 |     4 ||    66
       Spider Form       |       |     5 |    27 ||    32
 Abil: End Transformatio |       |       |     1 ||     1
  Use: Potion            |       |     9 |     8 ||    17
       Scroll            |       |     6 |    10 ||    16
 Stab: Sleeping          |     1 |     1 |     1 ||     3
       Invisible         |       |       |     3 ||     3
Armor: Robe              |    34 |    22 |     9 ||    65
       Skin              |       |    21 |    20 ||    41
Dodge: Dodged            |    80 |    76 |   209 ||   365

Table legend: (Time is in decaauts)
 A = Elapsed time spent in this place.
 B = Non-inter-level travel time spent in this place.
 C = Inter-level travel time spent in this place.
 D = Time resting spent in this place.
 E = Time spent auto-exploring this place.
 F = Levels seen in this place.
 G = Mean time per level.
                   A        B        C        D        E       F      G
               +--------+--------+--------+--------+--------+-----+--------+
         Total |  12087 |  11743 |    344 |   3472 |   6954 |   8 | 1510.9 |
       Dungeon |  11187 |  10843 |    344 |   2933 |   6769 |   7 | 1598.1 |
        Bailey |    899 |    899 |      0 |    539 |    184 |   1 |  899.0 |
               +--------+--------+--------+--------+--------+-----+--------+

Top non-repeatable levels by time:
     D:5: 5006 daAuts
     D:2: 1420 daAuts
     D:6: 1382 daAuts
     D:1: 1288 daAuts
     D:4: 1140 daAuts
  Bailey: 899 daAuts
     D:3: 864 daAuts
     D:7: 85 daAuts
